 Dungeon Crawl Stone Soup version 0.30-a0-585-g93115170b9 (webtiles) character file.

Game seed: 5164916430985566393

1491 Newt the Changer (level 8, -3/87 HPs)
             Began as a Demonspawn Gladiator on Jan 2, 2023.
             Was an Initiate of Gozag.
             Slain by a wraith (6 damage)
             ... on level 6 of the Dungeon.
             The game lasted 00:09:46 (6469 turns).

Newt the Changer (Demonspawn Gladiator)             Turns: 6469, Time: 00:09:47

Health: -3/87      AC: 24    Str: 15    XL:     8   Next: 51%
Magic:  0/15       EV:  2    Int: 17    God:    Gozag
Gold:   882        SH:  0    Dex: 15    Spells: 14/17 levels left

rFire   . . .      SeeInvis +    a - +1 rapier (venom)
rCold   . . .      Faith    .    (no shield)
rNeg    . . .      Spirit   +    (body armour currently unavailable)
rPois   +          Reflect  .    (helmet currently unavailable)
rElec   .          Harm     .    (cloak currently unavailable)
rCorr   .          Rampage  .    (gloves currently unavailable)
Will    .....      NoTele   +    (boots currently unavailable)
Stlth   ++                       (no amulet)
HPRegen 0.34/turn                o - ring of see invisible
MPRegen 0.28/turn                d - +6 ring of intelligence

@: tree-form, slowed, very slow
A: stationary, stasis, torment immunity, boosted hp, (antennae 1), magic shield,
magic regeneration, (sharp scales 1), demonic magic 1, (large bone plates 1),
screaming 1
a: Renounce Religion, Potion Petition, Call Merchant, Bribe Branch


You were on level 6 of the Dungeon.
You worshipped Gozag.
Gozag was pleased with you.
You were a tree.
You visited 1 branch of the dungeon, and saw 6 of its levels.
You also visited: Sewer.

You collected 929 gold pieces.
You paid 47 gold pieces to Gozag.

Inventory:

Hand Weapons
 a - a +1 rapier of venom (weapon)
 i - a +0 hand axe of freezing
 z - a +3 dagger of speed
Missiles
 f - 12 boomerangs (quivered)
 g - 8 poisoned darts
 u - a throwing net
Armour
 b - a +1 leather armour (melded)
 c - a +0 helmet
 l - a +0 cloak (melded)
Jewellery
 d - a +6 ring of intelligence (right branch)
 o - a ring of see invisible (left branch)
Scrolls
 m - 2 scrolls of enchant armour
 t - 2 scrolls of enchant weapon
 w - 5 scrolls of identify
 x - a scroll of torment {unknown}
 y - a scroll of magic mapping
Potions
 h - 2 potions of degeneration
 j - 3 potions of brilliance
 k - 2 potions of flight
 q - 2 potions of magic
 r - a potion of mutation
 s - a potion of might
 v - a potion of invisibility {unknown}


   Skills:
 - Level 3.0 Fighting
 - Level 2.6 Short Blades
 - Level 1.7 Throwing
 - Level 2.6 Dodging
 - Level 2.0 Stealth
 - Level 5.0 Spellcasting
 - Level 5.0 Hexes
 + Level 3.4 Necromancy
 - Level 5.0 Transmutations


You had 14 spell levels left.
You knew the following spells:

 Your Spells              Type           Power      Damage    Failure   Level
a - Tukima's Dance        Hex            21%        N/A       5%          3

Your spell library contained the following spells:

 Spells                   Type           Power      Damage    Failure   Level
 Cigotuvi's Dreadful Rot  Necr/Pois/Air  16%        N/A       14%         2
 Portal Projectile        Hex/Tloc       24%        N/A       16%         3
 Dispel Undead            Necr           15%        3d10      34%         4
 Call Canine Familiar     Summ           4%         N/A       38%         3
 Leda's Liquefaction      Hex/Erth       6%         N/A       45%         4
 Blade Hands              Tmut           10%        N/A       45%         5
 Borgnjor's Vile Clutch   Necr/Erth      5%         N/A       89%         5
 Fireball                 Conj/Fire      2%         3d4       98%         5
 Iskenderun's Battlesphe  Conj           4%         2d6       98%         5
 Death Channel            Necr           7%         N/A       99%         6
 Conjure Ball Lightning   Conj/Air       2%         3x3d6     100%        6
 Orb of Destruction       Conj           2%         9d5       100%        7
 Animate Dead             Necr           Unusable   N/A       N/A         4

Dungeon Overview and Level Annotations

Branches:
Dungeon (6/15)             Temple (0/1) D:6           Sewer (visited)

Altars:
Ashenzari
Fedhas
Gozag
Hepliaklqana
Okawaru
Ru
Sif Muna
Trog
Wu Jian
Yredelemnul

Shops:
D:3 (   D:5 *

Annotations:
D:6 1 runed translucent door


Innate Abilities, Weirdness & Mutations

You are a tree.
Your roots penetrate the ground, keeping you stationary.
You cannot be teleported.
You are immune to unholy pain and torment.
Your maximum health is greatly increased.
Your equipment is partially melded.
((You have a pair of small antennae on your head.))
When hurt, damage is shared between your health and your magic reserves.
You regenerate magic rapidly.
((You are partially covered in razor-sharp scales. (AC +1, Slay +1)))
Spells you cast may paralyse adjacent enemies.
((You are partially covered in large bone plates. (SH +4)))
You occasionally shout uncontrollably at your foes.


Message History

* * * LOW HITPOINT WARNING * * *
Okay, then.
You feel better. The wraith hits you!
* * * LOW HITPOINT WARNING * * *
The wraith drains your vigour!
You feel as though you will be slow longer.
You hit the wraith but do no damage.
The wraith is almost destroyed.
The wraith hits you but does no damage. The wraith hits you!
* * * LOW HITPOINT WARNING * * *
Okay, then.
Okay, then.
Really quaff the potion of lignification?
You turn into a tree.
Your +0 cloak melds into your body.
Your +1 leather armour melds into your body.
Your roots penetrate the ground.
The wraith hits you but does no damage.
You hit the wraith.
The wraith is almost destroyed.
The wraith hits you.
* * * LOW HITPOINT WARNING * * *
The wraith drains your vigour!
You feel as though you will be slow longer.
The wraith hits you but does no damage.
You hit the wraith but do no damage.
The wraith is almost destroyed.
The wraith hits you but does no damage.
You hit the wraith but do no damage.
The wraith is almost destroyed.
The wraith hits you.
* * * LOW HITPOINT WARNING * * *
The wraith hits you but does no damage.
Throw: 12 boomerangs
Press: ? - help, Shift-Dir - straight line, f/p - wraith
Aim: a wraith (almost destroyed, 59% to hit)
You throw a boomerang.
The boomerang hits the wraith but does no damage.
The wraith is almost destroyed.
The wraith hits you but does no damage. The wraith hits you!
You die...
Your body crumbles into a pile of gold.

####### .......##########
#######
.(.....W♣.......###......
.......####...####..#####
....... ###...####.##
....... #...........#####
####... ###.>...........#
#.######.......#####..
#..........###.# ###
#########......# #
#....#.# #


You could see a wraith.

Vanquished Creatures
  Pargi (Sewer)
  An ice beast (D:5)
  A centaur (D:6)
  An ogre (D:2)
  A phantom (D:5)
  4 necrophages
  A bullfrog (D:6)
  3 scorpions
  A howler monkey (D:6)
  2 hounds (D:5)
  A jelly (D:6)
  3 iguanas
  An orc wizard (D:5)
  Terence (D:2)
  7 adders
  A river rat (D:3)
  A shadow imp (D:5)
  3 ufetubi (D:5)
  2 dart slugs
  18 orcs
  11 ball pythons
  3 bats
  9 endoplasms
  6 giant cockroaches
  6 goblins
  7 hobgoblins
  4 jackals
  14 kobolds
  4 quokkas
  6 frilled lizards
  12 rats
136 creatures vanquished.

Vanquished Creatures (collateral kills)
  An orc warrior (D:6)
  An orc (D:6)
  2 goblins (D:6)
4 creatures vanquished.

Vanquished Creatures (others)
  3 dancing weapons (D:6)
  4 plants (D:6)
7 creatures vanquished.

Grand Total: 147 creatures vanquished

Notes
Turn   | Place    | Note
-------+----------+-------------------------------------------
     0 | D:1      | Newt the Demonspawn Gladiator began the quest for the Orb.
     0 | D:1      | Reached XP level 1. HP: 16/16 MP: 1/1
    87 | D:1      | Reached skill level 1 in Stealth
   231 | D:1      | Gained mutation: Spells you cast may paralyse adjacent
                  | enemies. [demonic ancestry]
   231 | D:1      | Reached XP level 2. HP: 20/22 MP: 2/2
   779 | D:1      | Gained mutation: You are partially covered in razor-sharp
                  | scales. (AC +1, Slay +1) [demonic ancestry]
   779 | D:1      | Reached XP level 3. HP: 28/28 MP: 3/3
  1314 | D:2      | Noticed an ogre
  1336 | D:2      | Killed an ogre
  1337 | D:2      | Reached XP level 4. HP: 25/35 MP: 4/4
  1569 | D:2      | Noticed Terence
  1584 | D:2      | Killed Terence
  1585 | D:2      | Gained mutation: You have a pair of small antennae on your
                  | head. [demonic ancestry]
  1585 | D:2      | Reached XP level 5. HP: 8/41 MP: 5/5
  2161 | D:3      | Found an opulent altar of Gozag.
  2178 | D:3      | Became a worshipper of Gozag Ym Sagoz the Greedy
  2203 | D:3      | Found a basalt altar of Yredelemnul.
  2229 | D:3      | Found a sacrificial altar of Ru.
  2233 | D:3      | Found Ymorawir's Weapon Shop.
  2238 | D:3      | Found a glowing drain.
  2307 | Sewer    | Entered a sewer
  2458 | Sewer    | Noticed Pargi
  2479 | Sewer    | Killed Pargi
  2480 | Sewer    | Reached XP level 6. HP: 17/47 MP: 6/6
  2733 | D:3      | Reached skill level 5 in Transmutations
  2912 | D:3      | Reached skill level 1 in Spellcasting
  3044 | D:3      | Found an ornate altar of the Wu Jian Council.
  3364 | D:3      | Found a bloodstained altar of Trog.
  3369 | D:3      | Found a hazy altar of Hepliaklqana.
  3818 | D:4      | Gained mutation: You occasionally shout uncontrollably at
                  | your foes. [potion of mutation]
  3818 | D:4      | Gained mutation: You are partially covered in large bone
                  | plates. (SH +4) [potion of mutation]
  3895 | D:4      | Found a blossoming altar of Fedhas.
  4211 | D:5      | Entered Level 5 of the Dungeon
  4552 | D:5      | Found Tosiv's Overcharged Wands.
  4568 | D:5      | Learned a level 3 spell: Tukima's Dance
  4585 | D:5      | Noticed an ice beast
  4598 | D:5      | Killed an ice beast
  4599 | D:5      | Gained mutation: You regenerate magic rapidly. [demonic
                  | ancestry]
  4599 | D:5      | Reached XP level 7. HP: 52/52 MP: 9/11
  4796 | D:5      | Found a broken altar of Ashenzari.
  4952 | D:5      | Reached skill level 5 in Spellcasting
  5249 | D:5      | Reached skill level 1 in Hexes
  5261 | D:5      | Found a shimmering blue altar of Sif Muna.
  5630 | D:6      | Gained mutation: When hurt, damage is shared between your
                  | health and your magic reserves. [demonic ancestry]
  5630 | D:6      | Reached XP level 8. HP: 33/58 MP: 15/15
  5905 | D:6      | Found a runed translucent door.
  6088 | D:6      | Found an iron altar of Okawaru.
  6170 | D:6      | Found a staircase to the Ecumenical Temple.
  6199 | D:6      | Reached skill level 5 in Hexes
  6204 | D:6      | Reached skill level 1 in Necromancy
  6466 | D:6      | HP: 4/87 [wraith (2)]
  6469 | D:6      | Slain by a wraith

Illustrated notes

Levels and vault maps discovered:
D:1:      kilobyte_arrival_exit_the_forest, layout_basic,
          kennysheep_small_spiral
D:2:      layout_loops_ring, serial_aquarium, aquarium_bridge_straight
          [aquarium_subvault_bridge, aquarium_subvault_wall,
          aquarium_subvault_bridge, aquarium_subvault_window],
          aquarium_window_1, aquarium_window_3, aquarium_window_fake,
          aquarium_view_2d, uniq_terence
D:3:      layout_basic, mainiacjoe_overflow_tiny_flanked, old_standard_altar,
          nicolae_wu_jian_wuxing_cycle, minitemple, portal_sewer_entry_c,
          serial_shops, nicolae_shop_competitors_out_of_business
D:4:      layout_basic, mainiacjoe_overflow_small_starburst
D:5:      minmay_general_purpose_star, layout_gridville, led_sif_book,
          mainiacjoe_overflow_cross_hatched, nicolae_shop_overcharged_wands
D:6:      layout_basic, kennysheep_okawaru_gauntlet,
          minmay_temple_entry_overgrown, ebering_ghost_reflecting_pool

Skill      XL: |  1  2  3  4  5  6  7  8 |
---------------+-------------------------+-----
Stealth        | 1 2 |  2.0
Fighting       | 3 |  3.0
Transmutations | 2 3 4 5 |  5.0
Spellcasting   | 3 5 |  5.0
Hexes          | 3 5 |  5.0
Necromancy     | 3 |  3.4
Short Blades   | |  2.6
Throwing       | |  1.7
Dodging        | |  2.6

Action                   |  1- 3 |  4- 6 |  7- 9 || total
-------------------------+-------+-------+-------++-------
Melee: Rapier            |   118 |    80 |   210 ||   408
       Punch             |     1 |     1 |     2 ||     4
       Hand axe          |       |   113 |       ||   113
Throw: Dart              |     5 |       |       ||     5
       Throwing net      |     3 |     2 |       ||     5
       Javelin           |       |     1 |     1 ||     2
       Boomerang         |       |       |     1 ||     1
 Cast: Tukima's Dance    |       |       |    12 ||    12
  Use: Scroll            |     5 |     8 |     3 ||    16
       Potion            |       |     4 |     2 ||     6
 Stab: Sleeping          |     7 |     3 |       ||    10
       Distracted        |     1 |       |     1 ||     2
       Held in net/web   |       |     2 |       ||     2
       Paralysed         |       |       |     4 ||     4
Armor: Leather armour    |    35 |    70 |    79 ||   184
       Skin              |       |       |     5 ||     5
Dodge: Dodged            |    49 |   140 |   129 ||   318
Block: Other             |       |     6 |    32 ||    38

Table legend: (Time is in decaauts)
 A = Elapsed time spent in this place.
 B = Non-inter-level travel time spent in this place.
 C = Inter-level travel time spent in this place.
 D = Time resting spent in this place.
 E = Time spent auto-exploring this place.
 F = Levels seen in this place.
 G = Mean time per level.
                   A        B        C        D        E       F      G
               +--------+--------+--------+--------+--------+-----+--------+
         Total |   6523 |   6336 |    187 |   1316 |   3746 |   7 |  931.9 |
       Dungeon |   6219 |   6032 |    187 |   1316 |   3533 |   6 | 1036.5 |
         Sewer |    303 |    303 |      0 |      0 |    213 |   1 |  303.0 |
               +--------+--------+--------+--------+--------+-----+--------+

Top non-repeatable levels by time:
     D:1: 1186 daAuts
     D:5: 1097 daAuts
     D:3: 1094 daAuts
     D:4: 993 daAuts
     D:2: 963 daAuts
     D:6: 884 daAuts
   Sewer: 303 daAuts
